AoeStats
← 根本赢不了

African Clearing

510448777Analyzed
4v4 RM · 16h ago on Oct 1, 2026· 47m 10s· 8 players
Game mode
Random Map
Map size
Large (8 player)
Population
200
Speed
Normal
Resources
Standard
Victory
Conquest
Starting age
Dark Age
Ending age
Imperial Age
RankedLock teamsTeams togetherTeam positionsShared explorationLock speedFull tech treeHidden civsTurbo modeCheats
Victory
Defeat
🇺🇸 Varangians · United States
1278
+14
🇨🇳 Mongols · China
1265
+14
🇨🇳 Danes · China
1228
+30
🇦🇷 Burgundians · Argentina
1212
+17
🇨🇴 Saracens · Colombia
1413
-23
🇵🇪 Mongols · Peru
1189
-14
🇨🇴 Vietnamese · Colombia
1183
-13
🇧🇴 Berbers · Bolivia
1129
-11
根本赢不了
6:56 Loom
14:42 Feudal Age
14:57 Feudal Age
18:55 Castle Age
16:44 Double-Bit Axe
16:50 Horse Collar
25:02 Scale Mail Armor
25:59 Chain Mail Armor
28:09 Squires
31:17 Forging
33:44 Wheelbarrow
32:54 Town Watch
36:30 Gold Mining
36:30 Stone Mining
38:19 Gold Shaft Mining
38:19 Stone Shaft Mining
42:25 Imperial Age
41:24 Arson
42:15 Iron Casting
43:02 Bow Saw
42:56 Heavy Plow
43:52 Plate Mail Armor
44:23 Blast Furnace
43:12 Elite Varangian Guard
44:56 Conscription
46:29 Gambesons
Monito313
4:51 Loom
13:36 Feudal Age
11:52 Double-Bit Axe
21:13 Castle Age
22:55 Cavalier
29:14 Horse Collar
34:18 Scale Barding Armor
36:36 Wheelbarrow
36:15 Forging
36:10 Husbandry
37:01 Fletching
38:18 Chain Barding Armor
38:37 Town Watch
43:08 Bodkin Arrow
44:55 Iron Casting
Defender
11:10 Loom
13:17 Feudal Age
14:14 Double-Bit Axe
15:19 Fletching
16:13 Bloodlines
16:40 Scale Barding Armor
22:59 Horse Collar
28:02 Castle Age
31:06 Castle Age
30:40 Padded Archer Armor
30:57 Stone Mining
32:58 Bow Saw
40:29 Ballistics
41:31 Masonry
45:47 Husbandry
run
11:53 Loom
13:39 Feudal Age
15:09 Double-Bit Axe
15:22 Horse Collar
15:30 Town Watch
17:53 Castle Age
17:37 Fletching
19:17 Bow Saw
19:28 Heavy Plow
19:39 Bodkin Arrow
25:42 Gold Mining
28:05 Gold Shaft Mining
27:46 Padded Archer Armor
29:45 Husbandry
32:06 Heavy Plow
33:06 Wheelbarrow
34:13 Gold Shaft Mining
34:04 Bloodlines
34:05 Stone Mining
35:33 Hand Cart
39:07 Imperial Age
39:06 Stone Shaft Mining
39:25 Ballistics
39:16 Masonry
39:30 Leather Archer Armor
40:02 Bracer
41:04 Chemistry
40:59 Conscription
41:53 Elite Mangudai
43:11 Parthian Tactics
42:57 Thumb Ring
44:23 Capped Ram
46:22 Coinage
pipegarcial
4:10 Loom
13:12 Feudal Age
13:47 Double-Bit Axe
28:36 Castle Age
31:46 Castle Age
33:21 Fletching
36:46 Crossbowman
37:51 Bodkin Arrow
Seritzia
12:34 Feudal Age
16:41 Castle Age
14:33 Double-Bit Axe
15:18 Loom
15:23 Town Watch
16:17 Wheelbarrow
15:28 Town Watch
15:58 Fletching
16:51 Crossbowman
18:43 Horse Collar
38:28 Padded Archer Armor
38:48 Bodkin Arrow
40:12 Forging
40:29 Ballistics
41:39 Leather Archer Armor
41:52 Thumb Ring
SparMankus
5:28 Loom
12:49 Feudal Age
18:34 Castle Age
17:02 Double-Bit Axe
19:32 Bow Saw
22:38 Fletching
27:12 Gold Mining
28:24 Bodkin Arrow
28:33 Padded Archer Armor
32:39 Leather Archer Armor
32:57 Horse Collar
33:57 Ballistics
33:44 Thumb Ring
35:56 Husbandry
41:48 Forging
45:05 Imperial Age
44:14 Gold Shaft Mining
44:54 Elite Skirmisher
46:31 Wheelbarrow
47:47 Chemistry
46:48 Bracer
SooS...
6:49 Loom
12:49 Feudal Age
13:26 Town Watch
13:36 Double-Bit Axe
15:37 Fletching
23:56 Castle Age
22:58 Stone Mining
23:49 Padded Archer Armor
30:16 Bodkin Arrow
32:45 Leather Archer Armor
40:13 Imperial Age
38:59 Kasbah
38:54 Horse Collar
40:38 Town Patrol
40:52 Bow Saw
42:07 Bracer
44:36 Ring Archer Armor
46:00 Chemistry
47:09 Ballistics
Connection lost

Rejoining the realm…

Still unreachable

The connection could not be restored.

Session expired

The server has moved on; the page needs a fresh start.